 Dungeon Crawl Stone Soup version 0.30-a0-358-g0d69a1922f (webtiles) character file.

Game seed: 12977706943797765313

44 Devinter the Shooter (level 3, 0/22 HPs)
             Began as a Kobold Hunter on Nov 9, 2022.
             Was a Follower of Sif Muna.
             Slain by an orc
             ... wielding a +0 short sword
              (3 damage)
             ... on level 4 of the Dungeon.
             The game lasted 00:10:37 (1033 turns).

Devinter the Shooter (Kobold Hunter)                Turns: 1033, Time: 00:10:38

Health: 0/22       AC:  3    Str:  8    XL:     3   Next: 87%
Magic:  3/3        EV: 15    Int: 10    God:    Sif Muna [*.....]
Gold:   125        SH:  0    Dex: 20    Spells: 1/2 levels left

rFire   . . .      SeeInvis .    d - +0 rapier (elec)
rCold   . . .      Faith    .    (no shield)
rNeg    . . .      Spirit   .    c - +0 leather armour
rPois   .          Reflect  .    (no helmet)
rElec   .          Harm     .    (no cloak)
rCorr   .          Rampage  .    (no gloves)
Will    .....                    (no boots)
Stlth   +++.......               (no amulet)
HPRegen 0.23/turn                (no ring)
MPRegen 0.08/turn                (no ring)

@: flying
A: small, no large weapons, nightstalker 3
a: Renounce Religion, Channel Magic


You were on level 4 of the Dungeon.
You worshipped Sif Muna.
Sif Muna was aware of your devotion.
You visited 1 branch of the dungeon, and saw 3 of its levels.

You collected 125 gold pieces.

Inventory:

Hand Weapons
 a - a +0 shortbow
 d - a +0 rapier of electrocution (weapon)
Missiles
 g - 2 boomerangs
 h - 6 poisoned darts (quivered)
 i - 4 atropa-tipped darts
Armour
 c - a +0 leather armour (worn)
Scrolls
 b - a scroll of immolation
 j - a scroll of fog {unknown}
 k - 3 scrolls of torment {unknown}
Potions
 e - a potion of cancellation {unknown}


   Skills:
 + Level 2.7 Fighting
 + Level 1.6 Short Blades
 + Level 5.7 Ranged Weapons
 - Level 3.0 Dodging
 + Level 2.2 Stealth


You had one spell level left.
You knew the following spells:

 Your Spells              Type           Power      Damage    Failure   Level
a - Sting                 Tmut/Pois      0%         1d3       50%         1

Your spell library contained the following spells:

 Spells                   Type           Power      Damage    Failure   Level
 Poisonous Vapours        Pois/Air       0%         N/A       63%         2
 Olgreb's Toxic Radiance  Pois           0%         N/A       99%         4


Dungeon Overview and Level Annotations

Branches:
Dungeon (2/15)

Altars:
Sif Muna


Innate Abilities, Weirdness & Mutations

You are small and have problems with some larger weapons.
You are completely attuned to the shadows.


Message History

Found 14 gold pieces.
Found a scroll labelled ZIAQURHIGA.
You now have 108 gold pieces (gained 14).
Found 3 gold pieces.
You now have 111 gold pieces (gained 3).
A sourceless malevolence fills the Dungeon...
You fall into a shaft and drop 2 floors!
The shaft crumbles and collapses.
Found 14 gold pieces.
You now have 125 gold pieces (gained 14).
An orc comes into view. It is wielding a +0 war axe.
Found 2 scrolls labelled ORROBBUPTE.
An orc comes into view. It is wielding a +0 trident.
An orc comes into view. It is wielding a +0 short sword.
The helpless orc fails to defend itself.
You puncture the orc!
The orc is almost dead.
The orc shouts! x2
You barely miss the orc.
The orc is almost dead.
The orc hits you from afar with a +0 trident!
The orc hits you with a +0 war axe.
You hit the orc. Lightning courses through the orc!
You kill the orc!
Sif Muna accepts your kill.
A quokka comes into view.
The orc hits you from afar with a +0 trident.
Okay, then.
You hit the orc.
The orc is heavily wounded.
The orc hits you from afar with a +0 trident!
* * * LOW HITPOINT WARNING * * *
You hit the orc.
The orc is almost dead.
The orc closely misses you. The orc misses you.
It was a potion of flight.
You feel very buoyant.
You fly up into the air.
The quokka barely misses you. The orc closely misses you.
The orc hits you with a +0 short sword.
You die...

####
..?.###########
..............#
..............#
....).........#
.......o......#
.....or@......#
..............#
.............#
............#
.........####
##########


You could see 2 orcs and a quokka.

Vanquished Creatures
  An adder (D:2)
  A worm (D:2)
  An orc (D:4)
  3 bats (D:1)
  4 endoplasms
  3 giant cockroaches (D:1)
  2 hobgoblins (D:1)
  2 quokkas (D:1)
  2 ball pythons (D:1)
  A frilled lizard (D:1)
  2 goblins (D:1)
  A kobold (D:1)
  7 rats
30 creatures vanquished.

Notes
Turn   | Place    | Note
-------+----------+-------------------------------------------
     0 | D:1      | Devinter the Kobold Hunter began the quest for the Orb.
     0 | D:1      | Reached XP level 1. HP: 12/12 MP: 1/1
    91 | D:1      | Reached XP level 2. HP: 9/18 MP: 2/2
   108 | D:1      | Learned a level 1 spell: Sting
   194 | D:1      | Reached skill level 2 in Stealth
   307 | D:1      | Reached skill level 1 in Short Blades
   318 | D:1      | Reached XP level 3. HP: 22/22 MP: 3/3
   888 | D:2      | Reached skill level 3 in Dodging
   974 | D:2      | Found a faded altar of an unknown god.
   981 | D:2      | Prayed at the altar of an unknown god.
   981 | D:2      | Became a worshipper of Sif Muna the Loreminder
   981 | D:2      | Reached * piety under Sif Muna
  1006 | D:2      | You fall into a shaft and drop 2 floors!
  1029 | D:4      | HP: 2/22 [orc/+0 trident (8)]
  1033 | D:4      | Slain by an orc

Illustrated notes

Levels and vault maps discovered:
D:1:      dpeg_arrival_prison, layout_basic
D:2:      layout_rooms, basic_ecumenical_altar
D:4:      layout_rooms, minmay_temple_entry_enclosed_plants,
          minmay_manual_macuahuitl

Skill      XL: |  1  2  3 |
---------------+----------+-----
Stealth        | 2 |  2.2
Short Blades   | 1 |  1.6
Dodging        | 3 |  3.0
Fighting       | |  2.7
Ranged Weapons | |  5.7

Action                   || total
-------------------------++-------
Melee: Rapier            ||    49
 Fire: Shortbow          ||     6
Throw: Dart              ||     3
  Use: Potion            ||     1
 Stab: Sleeping          ||    13
Armor: Leather armour    ||     5
Dodge: Dodged            ||    29

Table legend: (Time is in decaauts)
 A = Elapsed time spent in this place.
 B = Non-inter-level travel time spent in this place.
 C = Inter-level travel time spent in this place.
 D = Time resting spent in this place.
 E = Time spent auto-exploring this place.
 F = Levels seen in this place.
 G = Mean time per level.
                   A        B        C        D        E       F      G
               +--------+--------+--------+--------+--------+-----+--------+
         Total |   1040 |   1030 |     10 |      0 |     87 |   3 |  346.7 |
       Dungeon |   1040 |   1030 |     10 |      0 |     87 |   3 |  346.7 |
               +--------+--------+--------+--------+--------+-----+--------+

Top non-repeatable levels by time:
     D:1: 880 daAuts
     D:2: 133 daAuts
     D:4: 27 daAuts
